 Dungeon Crawl Stone Soup version 0.15.0-27-gbdb0435 (console) character file.

101 gw the Ruffian (level 4, -9/44 HPs)
             Began as a Troll Monk on Sept 11, 2014.
             Mangled by Crazy Yiuf
             ... wielding a +3 quarterstaff of chaos
              (12 damage)
             ... on Level 3 of the Dungeon.
             The game lasted 00:01:45 (2067 turns).

gw the Ruffian (Troll Monk)                         Turns: 2067, Time: 00:01:45

HP  -9/44        AC  6     Str 19      XL: 4   Next: 48%
MP   2/2         EV 14     Int  6      God:
Gold 0           SH  0     Dex 13      Spells:  0 memorised,  3 levels left

rFire  . . .     SeeInvis .       - Unarmed
rCold  . . .     Clarity  .     a - +1 robe
rNeg   . . .     rCorr    .     (shield restricted)
rPois  .         rRot     .     (helmet restricted)
rElec  .         Spirit   .     (no cloak)
SustAb .         Warding  .     (gloves unavailable)
rMut   .         Stasis   .     (boots unavailable)
Gourm  +                        (no amulet)
MR     .....                    (no ring)
                                d - +4 ring of evasion

@: drained, not resistant to hostile enchantments, very unstealthy
A: unfitting armour, claws 3, fast metabolism 3, gourmand, regeneration 2,
saprovore 2, shaggy fur 1, tough skin 2
a: no special abilities


You were on level 3 of the Dungeon.
You were completely stuffed.

You visited 1 branch of the dungeon, and saw 3 of its levels.

Inventory:

Missiles
 c - 132 stones
 h - 2 javelins (quivered)
Armour
 a - a +1 robe (worn)
Comestibles
 b - 6 meat rations
 n - a beef jerky
Scrolls
 f - a scroll of remove curse
 g - a scroll of recharging {unknown}
 j - a scroll of identify
Jewellery
 d - a +4 ring of evasion (left claw)


   Skills:
 + Level 2.8(2.2) Fighting
 + Level 1.6(1.0) Throwing
 + Level 2.9(2.3) Dodging
 - Level 1.1(0.4) Stealth
 * Level 4.7(4.0) Unarmed Combat


You had 3 spell levels left.
You didn't know any spells.

Dungeon Overview and Level Annotations

Branches:
Dungeon (3/15)

Altars:
Makhleb
Vehumet

Annotations:
D:3 Crazy Yiuf


Innate Abilities, Weirdness & Mutations

You are too large for most types of armour.
You have claws for hands.
Your metabolism is lightning-fast.
You like to eat raw meat.
You heal very quickly.
You can eat rotten meat.
You are covered in fur (AC +1).
You have very tough skin (AC +2).


Message History

Crazy Yiuf is moderately wounded.
Crazy Yiuf zaps a wand.
The puff of frost hits you!
ATTACK MOVE TO (1,1)
You claw Crazy Yiuf!
Crazy Yiuf begins to bleed from his wounds!
Crazy Yiuf is almost dead.
Crazy Yiuf zaps a wand.
The puff of frost misses you.
ATTACK MOVE TO (1,1)
You closely miss Crazy Yiuf.
Crazy Yiuf is almost dead.
Crazy Yiuf zaps a wand.
The puff of frost hits you!
ATTACK MOVE TO (1,1)
You barely miss Crazy Yiuf.
Crazy Yiuf is almost dead.
Crazy Yiuf hits you with a quarterstaff of chaos!
ATTACK MOVE TO (1,1)
You closely miss Crazy Yiuf.
Crazy Yiuf is almost dead.
Crazy Yiuf hits you with a quarterstaff of chaos!
You die... 77 .77 7.7 7T7 77g7 .# .. .(# ()# ###

You could see Crazy Yiuf (bleeding).

Table legend:
 A = Turns spent in this place as a percentage of turns spent in the entire game.
 B = Non-inter-level travel turns spent in this place as a percentage of non-inter-level travel turns spent in the entire game.
 C = Inter-level travel turns spent in this place as a percentage of turns spent in this place.
 D = Turns resting spent in this place as a percentage of non-inter-level travel turns spent in this place.
 E = Turns spent auto-exploring this place as a percentage of non-inter-level travel turns spent in this place.
 F = Non-inter-level travel turns spent in this place divided by the number of levels of this place that you've seen.
                   A       B       C       D       E      F
               +-------+-------+-------+-------+-------+----------------------
         Total | 100.0 | 100.0 |   3.4 |   2.0 |  10.6 | 318.7
       Dungeon | 100.0 | 100.0 |   3.4 |   2.0 |  10.6 | 318.7
               +-------+-------+-------+-------+-------+----------------------

Table legend:
 A = Kills in this place as a percentage of kills in entire the game.
 B = Kills by you in this place as a percentage of kills by you in the entire game.
 C = Kills by friends in this place as a percentage of kills by friends in the entire game.
 D = Other kills in this place as a percentage of other kills in the entire game.
 E = Experience gained in this place as a percentage of experience gained in the entire game.
 F = Experience gained in this place divided by the number of levels of this place that you have seen.
                   A       B       C       D       E      F
               +-------+-------+-------+-------+-------+----------------------
         Total | 100.0 | 100.0 |  -nan |  -nan | 100.0 |  48.3
       Dungeon | 100.0 | 100.0 |  -nan |  -nan | 100.0 |  48.3
               +-------+-------+-------+-------+-------+----------------------

Vanquished Creatures
  Ijyb (D:3)
  3 adders
  A worm (D:2)
  3 giant geckos
  An orc (D:3)
  2 ball pythons
  8 bats
  6 hobgoblins
  5 kobolds
  3 quokkas
  6 giant newts
  9 goblins
  6 rats
54 creatures vanquished.

Vanquished Creatures (others)
  A hobgoblin (D:3)
1 creature vanquished.

Grand Total: 55 creatures vanquished

Notes
Turn   | Place    | Note
--------------------------------------------------------------
     0 | D:1      | gw, the Troll Monk, began the quest for the Orb.
     0 | D:1      | Reached XP level 1. HP: 22/22 MP: 1/1
   241 | D:1      | Reached XP level 2. HP: 17/29 MP: 1/1
   834 | D:2      | Reached XP level 3. HP: 34/36 MP: 2/2
   872 | D:2      | Reached skill level 1 in Throwing
  1642 | D:2      | Found a burning altar of Makhleb.
  1647 | D:2      | Found a radiant altar of Vehumet.
  1852 | D:3      | Reached XP level 4. HP: 44/44 MP: 2/2
  1861 | D:3      | Noticed Ijyb
  1880 | D:3      | Killed Ijyb
  2055 | D:3      | Noticed Crazy Yiuf
  2067 | D:3      | Mangled by Crazy Yiuf

Action                   |  1- 3 |  4- 6 || total
-------------------------+-------+-------++-------
Melee: Unarmed           |    84 |    42 ||   126
Throw: Stone             |   120 |     7 ||   127
       Javelin           |       |     3 ||     3
  Use: Scroll            |     8 |     1 ||     9
       Potion            |     4 |     1 ||     5
  Eat: Chunk             |    22 |     2 ||    24

Vault maps used:
D:1:      evilmike_arrival_rings
D:2:      minitemple
D:3:      first_bread, uniq_iyjb, uniq_crazy_yiuf_cottage
